 Dungeon Crawl Stone Soup version 0.21.1-1-g345015fe64 (webtiles) character file.

106 Kholdaimon the Charmwright (level 4, -2/38 HPs)
             Began as a Gnoll Skald on June 21, 2018.
             Slain by a gnoll
             ... wielding a +0 flail
              (6 damage)
             ... on level 3 of the Dungeon.
             The game lasted 00:08:53 (1616 turns).

Kholdaimon the Charmwright (Gnoll Skald)            Turns: 1616, Time: 00:08:54

Health: -2/38      AC:  3    Str: 14    XL:     4   Next: 84%
Magic:  1/11       EV: 14    Int: 16    God:
Gold:   87         SH:  0    Dex: 14    Spells: 7/13 levels left

rFire    . . .     SeeInvis .   a - +0 hand axe
rCold    . . .     Gourm    .   (no shield)
rNeg     . . .     Faith    .   b - +0 leather armour
rPois    .         Spirit   .   (no helmet)
rElec    .         Reflect  .   (no cloak)
rCorr    .         Harm     .   (no gloves)
MR       .....                  (no boots)
Stlth    ++........             (no amulet)
HPRegen  0.12/turn              (no ring)
MPRegen  0.12/turn              (no ring)

@: shrouded
A: distributed training, fangs 1, strong nose
a: no special abilities


You were on level 3 of the Dungeon.
You were hungry.

You visited 1 branch of the dungeon, and saw 3 of its levels.

You collected 87 gold pieces.

Inventory:

Hand Weapons
 a - a +0 hand axe (weapon)
 k - a cursed -2 whip
 r - a +2 short sword of holy wrath
Missiles
 e - 40 stones (quivered)
 l - 25 sling bullets
 p - 22 bolts
Armour
 b - a +0 leather armour (worn)
Jewellery
 f - an uncursed ring of positive energy {unknown}
Scrolls
 g - a scroll of teleportation {unknown}
 i - a scroll of enchant armour {unknown}
 m - a scroll of fog {unknown}
 n - 2 scrolls of identify {unknown}
 o - a scroll of remove curse {unknown}
 t - a scroll of fear {unknown}
Potions
 h - 5 potions of lignification {unknown}
 q - 2 potions of brilliance {unknown}
 s - a potion of heal wounds {unknown}
Books
 c - a book of Battle

   Spells                             Type                      Level
   a - Infusion                       Charms                       1
   b - Shroud of Golubria             Charms/Translocation         2
   c - Song of Slaying                Charms                       2
   d - Spectral Weapon                Hexes/Charms                 3
   e - Regeneration                   Charms/Necromancy            3
Comestibles
 d - a ration
 j - a chunk of flesh


   Skills:
 + Level 4.7 Fighting
 + Level 1.2 Short Blades
 + Level 1.2 Long Blades
 + Level 4.7 Axes
 + Level 1.2 Maces & Flails
 + Level 1.2 Polearms
 + Level 1.2 Staves
 + Level 1.2 Slings
 + Level 1.2 Bows
 + Level 1.2 Crossbows
 + Level 1.2 Throwing
 + Level 2.8 Armour
 + Level 4.7 Dodging
 + Level 1.2 Stealth
 + Level 1.2 Shields
 + Level 1.2 Unarmed Combat
 + Level 5.1 Spellcasting
 + Level 1.0 Conjurations
 + Level 1.0 Hexes
 + Level 5.5 Charms
 + Level 1.0 Summonings
 + Level 1.0 Necromancy
 + Level 1.0 Translocations
 + Level 1.0 Transmutations
 + Level 1.0 Fire Magic
 + Level 1.0 Ice Magic
 + Level 1.0 Air Magic
 + Level 1.0 Earth Magic
 + Level 1.0 Poison Magic
 + Level 1.3 Invocations
 + Level 1.2 Evocations


You had 7 spell levels left.
You knew the following spells:

 Your Spells              Type           Power        Failure   Level  Hunger
a - Infusion              Chrm           ###.         1%          1    None
b - Shroud of Golubria    Chrm/Tloc      ##........   8%          2    #......
c - Regeneration          Chrm/Necr      ##........   14%         3    ###....


Dungeon Overview and Level Annotations

Branches:
Dungeon (3/15)

Altars:


Innate Abilities, Weirdness & Mutations

Your experience applies equally to all skills.
You have very sharp teeth.
Your uncanny sense of smell can sniff out nearby items.


Message History

You slash the gnoll!
The gnoll is heavily wounded.
You closely miss the goblin.
Your shroud bends the gnoll's attack away.
The goblin hits you but does no damage.
You hit the gnoll but do no damage.
The gnoll is heavily wounded.
You hit the goblin. The gnoll hits you with a flail!
Your shroud falls apart!
The goblin hits you with a dagger of speed.
You hit the gnoll but do no damage.
The gnoll is heavily wounded.
You barely miss the goblin. The gnoll hits you with a flail!
* * * LOW HITPOINT WARNING * * *
The goblin hits you but does no damage.
Casting: Shroud of Golubria
Confirm with . or Enter, or press ? or * to list all spells.
Space distorts slightly along a thin shroud covering your body.
The goblin completely misses you. The gnoll hits you with a flail.
You die...

∆
#####.##
#gg....#
#@# ###


You could see a gnoll and a goblin.

Vanquished Creatures
  Jessica (D:2)
  2 gnolls
  An adder (D:1)
  2 worms (D:2)
  A dart slug (D:1)
  3 leopard geckos
  4 giant cockroaches
  5 goblins
  3 hobgoblins (D:2)
  3 jackals (D:2)
  A quokka (D:2)
  2 ball pythons
  3 bats
  2 frilled lizards
  3 kobolds
  8 rats
44 creatures vanquished.

Notes
Turn   | Place    | Note
-------+----------+-------------------------------------------
     0 | D:1      | Kholdaimon the Gnoll Skald began the quest for the Orb.
     0 | D:1      | Reached XP level 1. HP: 20/20 MP: 6/6
   136 | D:1      | Reached XP level 2. HP: 23/26 MP: 7/7
   513 | D:1      | Reached XP level 3. HP: 29/31 MP: 9/9
   584 | D:1      | Reached skill level 5 in Spellcasting
   871 | D:1      | Learned a level 2 spell: Shroud of Golubria
   875 | D:1      | Learned a level 3 spell: Regeneration
   893 | D:2      | Reached skill level 1 in Invocations
  1011 | D:2      | Noticed Jessica
  1018 | D:2      | Killed Jessica
  1018 | D:2      | Reached skill level 1 in Short Blades
  1018 | D:2      | Reached skill level 1 in Long Blades
  1018 | D:2      | Reached skill level 1 in Maces & Flails
  1018 | D:2      | Reached skill level 1 in Polearms
  1018 | D:2      | Reached skill level 1 in Staves
  1018 | D:2      | Reached skill level 1 in Slings
  1018 | D:2      | Reached skill level 1 in Bows
  1018 | D:2      | Reached skill level 1 in Crossbows
  1018 | D:2      | Reached skill level 1 in Throwing
  1018 | D:2      | Reached skill level 1 in Stealth
  1018 | D:2      | Reached skill level 1 in Shields
  1018 | D:2      | Reached skill level 1 in Unarmed Combat
  1018 | D:2      | Reached skill level 1 in Evocations
  1018 | D:2      | Reached XP level 4. HP: 32/38 MP: 3/11
  1393 | D:2      | Reached skill level 1 in Conjurations
  1393 | D:2      | Reached skill level 1 in Hexes
  1393 | D:2      | Reached skill level 1 in Summonings
  1393 | D:2      | Reached skill level 1 in Necromancy
  1393 | D:2      | Reached skill level 1 in Translocations
  1393 | D:2      | Reached skill level 1 in Transmutations
  1393 | D:2      | Reached skill level 1 in Fire Magic
  1393 | D:2      | Reached skill level 1 in Ice Magic
  1393 | D:2      | Reached skill level 1 in Air Magic
  1393 | D:2      | Reached skill level 1 in Earth Magic
  1393 | D:2      | Reached skill level 1 in Poison Magic
  1616 | D:3      | Slain by a gnoll

Skill      XL: |  1  2  3  4 |
---------------+-------------+-----
Spellcasting   | 5 |  5.1
Invocations    | 1 |  1.3
Short Blades   | 1 |  1.2
Long Blades    | 1 |  1.2
Maces & Flails | 1 |  1.2
Polearms       | 1 |  1.2
Staves         | 1 |  1.2
Slings         | 1 |  1.2
Bows           | 1 |  1.2
Crossbows      | 1 |  1.2
Throwing       | 1 |  1.2
Stealth        | 1 |  1.2
Shields        | 1 |  1.2
Unarmed Combat | 1 |  1.2
Evocations     | 1 |  1.2
Conjurations   | 1 |  1.0
Hexes          | 1 |  1.0
Summonings     | 1 |  1.0
Necromancy     | 1 |  1.0
Translocations | 1 |  1.0
Transmutations | 1 |  1.0
Fire Magic     | 1 |  1.0
Ice Magic      | 1 |  1.0
Air Magic      | 1 |  1.0
Earth Magic    | 1 |  1.0
Poison Magic   | 1 |  1.0
Fighting       | |  4.7
Axes           | |  4.7
Armour         | |  2.8
Dodging        | |  4.7
Charms         | |  5.5

Action                   |  1- 3 |  4- 6 || total
-------------------------+-------+-------++-------
Melee: Hand axe          |    99 |    65 ||   164
       Bite              |    12 |     8 ||    20
Throw: Stone             |     2 |       ||     2
 Cast: Shroud of Golubri |     2 |     4 ||     6
       Infusion          |     1 |     1 ||     2
       Regeneration      |       |     2 ||     2
 Stab: Sleeping          |     1 |       ||     1
  Eat: Chunk             |       |     2 ||     2
Armor: Leather armour    |    14 |    18 ||    32
Dodge: Dodged            |    78 |    52 ||   130
